 Dungeon Crawl Stone Soup version 0.23.2 (webtiles) character file.

Game seed: 11984279599568248320

50 eccles the Firebug (level 3, 0/26 HPs)
             Began as a Draconian Fire Elementalist on Apr 11, 2019.
             Slain by a worker ant (7 damage)
             ... on level 3 of the Dungeon.
             The game lasted 00:12:20 (2170 turns).

eccles the Firebug (Draconian Fire Elementalist)    Turns: 2170, Time: 00:12:21

Health: 0/26       AC:  7    Str: 10    XL:     3   Next: 55%
Magic:  0/6        EV: 12    Int: 16    God:
Gold:   133        SH:  0    Dex: 11    Spells: 1/7 levels left

rFire    . . .     SeeInvis .   (no weapon)
rCold    . . .     Gourm    .   (no shield)
rNeg     . . .     Faith    .   (armour unavailable)
rPois    .         Spirit   .   (helmet restricted)
rElec    .         Reflect  .   (no cloak)
rCorr    .         Harm     .   h - +0 pair of gloves
MR       .....                  p - +0 pair of boots
Stlth    ++........             (no amulet)
HPRegen  0.08/turn              (no ring)
MPRegen  0.10/turn              (no ring)

@: lethally poisoned (0 -> -9)
A: unfitting armour, cold-blooded, AC +5
a: no special abilities


You were on level 3 of the Dungeon.
You were hungry.

You visited 1 branch of the dungeon, and saw 3 of its levels.

You collected 133 gold pieces.

Inventory:

Missiles
 d - 2 javelins (quivered)
Armour
 h - a +0 pair of gloves (worn)
 p - a +0 pair of boots (worn)
Jewellery
 l - a +2 amulet of reflection {unknown}
Scrolls
 a - 2 scrolls of noise
 f - a scroll of identify {unknown}
 j - a scroll of teleportation {unknown}
 m - a scroll of random uselessness {unknown}
 n - a scroll of amnesia {unknown}
 o - a scroll of enchant weapon {unknown}
Potions
 e - a potion of curing {unknown}
 g - 2 potions of flight {unknown}
 k - a potion of brilliance {unknown}
 q - a potion of invisibility {unknown}
Comestibles
 b - 2 rations
 i - 4 chunks of flesh


   Skills:
 + Level 2.1 Dodging
 + Level 2.1 Stealth
 * Level 2.5 Spellcasting
 * Level 1.4 Conjurations
 * Level 3.6 Fire Magic


You had one spell level left.
You knew the following spells:

 Your Spells              Type           Power        Failure   Level  Hunger
a - Flame Tongue          Conj/Fire      ##...        7%          1    #......
b - Throw Flame           Conj/Fire      ##....       11%         2    ##.....
c - Conjure Flame         Conj/Fire      ##......     21%         3    ###....

Your spell library contained the following spells:

 Spells                   Type           Power        Failure   Level  Hunger
 Inner Flame              Hex/Fire       #.......     28%         3    ###....
 Sticky Flame             Conj/Fire      ##......     56%         4    #####..
 Fireball                 Conj/Fire      ##........   88%         5    ######.


Dungeon Overview and Level Annotations

Branches:
Dungeon (3/15)

Altars:


Innate Abilities, Weirdness & Mutations

Your plain brown scales are hard. (AC +5)
You cannot fit into any form of body armour.
You are cold-blooded and may be slowed by cold attacks.


Message History

The worker ant is heavily wounded.
You feel sick. The worker ant barely misses you.
You closely miss the worker ant.
The worker ant is heavily wounded.
You feel sick. The worker ant completely misses you.
You closely miss the worker ant.
The worker ant is heavily wounded.
You feel sick. The worker ant barely misses you.
You closely miss the worker ant.
The worker ant is heavily wounded.
You feel sick. The worker ant closely misses you.
The worker ant bites you but does no damage.
You closely miss the worker ant.
The worker ant is heavily wounded.
The worker ant bites you.
You barely miss the worker ant.
The worker ant is moderately wounded.
* * * LOW HITPOINT WARNING * * *
You feel sick. The worker ant bites you!
You die...

##### ######...#
#........#
######........#
##.............#
##.<............##
#................##
#..................
#.@a...............
#..<...............
#.................#
#..................
##..[........÷.....
##................
#####...........÷
####.....#.....
#....#####.....


You could see a worker ant.

Vanquished Creatures
  An adder (D:2)
  A dart slug (D:1)
  3 worms (D:2)
  3 hobgoblins (D:2)
  7 jackals
  6 bats
  3 frilled lizards
  2 goblins
  6 rats
32 creatures vanquished.

Notes
Turn   | Place    | Note
-------+----------+-------------------------------------------
     0 | D:1      | eccles the Draconian Fire Elementalist began the quest for
                  | the Orb.
     0 | D:1      | Reached XP level 1. HP: 14/14 MP: 3/3
   360 | D:1      | Reached XP level 2. HP: 6/20 MP: 0/5
  1228 | D:2      | Reached XP level 3. HP: 26/26 MP: 2/6
  2035 | D:3      | Learned a level 2 spell: Throw Flame
  2039 | D:3      | Learned a level 3 spell: Conjure Flame
  2170 | D:3      | Slain by a worker ant

Skill      XL: |  1  2 |
---------------+-------+-----
Dodging        | 2 |  2.1
Stealth        | 2 |  2.1
Spellcasting   | |  2.5
Conjurations   | |  1.4
Fire Magic     | |  3.6

Action                   || total
-------------------------++-------
Melee: Unarmed           ||    52
       Tailslap          ||     8
 Cast: Flame Tongue      ||    61
  Use: Potion            ||     2
       Scroll            ||     1
  Eat: Chunk             ||     4
Armor: Skin              ||    23
Dodge: Dodged            ||    62
